Unix NetHack Version 3.7.0-66 Work-in-progress - last build Dec 5 2022 03:26:57 (dbea811729ade750c4c0c7f8ab6145c62533a6e7,branch:master). Game began 2022-12-15 17:10:27, ended 2022-12-15 17:14:22. doomcircle, chaotic male elven Wizard - ---- .----.. . ..... .. ...- . ...--- -. -....| |.--....| |..)h@- --.....| --.....---- |.........- |...---.- ... ---- .. ...? .... ...- -.-- -- Doomcircle the Evoker St:8 Dx:15 Co:12 In:20 Wi:10 Ch:10 Chaotic S:328 Dlvl:4 $:38 HP:0(15) Pw:1(21) AC:9 Xp:2/35 T:486 Latest messages: You kill the gnome! You see here 3 daggers. u - 3 daggers. You stop searching. The dwarf wields a dagger! In what direction? h The spell hits the gnome! You kill the gnome! The dwarf picks up a yellowish brown gem. What do you want to throw? [$u or ?*] ? In what direction? h The dagger misses the dwarf. In what direction? h The spell hits the dwarf! The dwarf thrusts her dagger. The dwarf hits! You climb up the stairs. What do you want to put on? [de or ?*] ? Which ring-finger, Right or Left? [rl] r d - an uncursed ring of regeneration (on right hand). You were wearing an uncursed ring of regeneration (on right hand). You descend the stairs. The dwarf thrusts her dagger. The dwarf hits! In what direction? h The spell hits the dwarf! You kill the dwarf! But wait... The dwarf's medallion begins to glow! The dwarf looks much better! The medallion crumbles to dust! You climb up the stairs. What do you want to put on? [de or ?*] ? Which ring-finger, Right or Left? [rl] r d - an uncursed ring of regeneration (on right hand). You were wearing an uncursed ring of regeneration (on right hand). What do you want to put on? [de or ?*] ? Which ring-finger, Right or Left? [rl] r e - an uncursed +1 ring of increase accuracy (on right hand). You descend the stairs. In what direction? h The spell misses the dwarf. The dwarf thrusts her dagger. The dwarf hits! In what direction? h The spell hits the dwarf! The dwarf thrusts her dagger. The dwarf hits! You die... Do you want your possessions identified? [ynq] (y) q Inventory: Coins $ - 38 gold pieces Weapons u - 2 +0 daggers a - a blessed +1 quarterstaff (weapon in hands) Armor q - a blessed +0 cloak of invisibility b - an uncursed +0 cloak of magic resistance (being worn) Comestibles p - an uncursed food ration t - a cursed food ration o - an uncursed lichen corpse Scrolls j - an uncursed scroll of charging k - an uncursed scroll of create monster i - an uncursed scroll of enchant weapon Spellbooks l - a blessed spellbook of force bolt m - an uncursed spellbook of healing Potions r - an uncursed potion of booze f - an uncursed potion of healing g - an uncursed potion of sickness h - an uncursed potion of water Rings e - an uncursed +1 ring of increase accuracy (on right hand) d - an uncursed ring of regeneration Wands c - a wand of striking (0:6) Tools n - an uncursed tooled horn Gems/Stones s - an uncursed worthless piece of red glass Doomcircle the Wizard's attributes: Background: You were an Evoker, a level 2 male elven Wizard. You were chaotic, on a mission for Anhur who was opposed by Ptah (lawful) and Thoth (neutral). You were in the Gnomish Mines, on level 4. You entered the dungeon 486 turns ago. You had 35 experience points, 5 more were needed to attain level 3. Your score was 328 before end-of-game adjustments. Basics: You had 0 out of 15 hit points. You had 1 out of 21 energy points (spell power). Your armor class was 9. Your wallet contained 38 zorkmids. Autopickup was off. Final Characteristics: Your strength was 8 (limit:18). Your dexterity was 15 (limit:18). Your constitution was 12 (limit:16). Your intelligence was 20 (limit:20). Your wisdom was 10 (limit:20). Your charisma was 10 (limit:18). Final Status: You were not hungry. You were unencumbered. You were wielding a quarterstaff. You had basic skill with quarterstaff. Final Attributes: You were fervently aligned. You were magic-protected. You had infravision. You had a small bonus to hit (+1). You were warded. You are dead. Miscellaneous: You never encountered a bones level. Total elapsed playing time was 3 minutes and 54 seconds. Major events: Turn 1: doomcircle the chaotic male elven Wizard entered the dungeon 402: entered the Gnomish Mines 486: killed by a dwarf Vanquished creatures: a kitten 2 gnomes a kobold a sewer rat 3 grid bugs 2 lichens 3 newts 13 creatures vanquished. No species were genocided or became extinct. Voluntary challenges: You were an atheist. You were illiterate. You never engraved Elbereth. You never genocided any monsters. You never polymorphed an object. You never changed form. You used no wishes. Achievement: You entered the Gnomish Mines. The Dungeons of Doom: levels 1 to 3 Level 1: Level 2: A fountain. Level 3: Stairs down to The Gnomish Mines. The Gnomish Mines: Level 4: <- You were here. Final resting place for you, killed by a dwarf. Game over: ---------- / \ / REST \ / IN \ / PEACE \ / \ | doomcircle | | 38 Au | | killed by a | | dwarf | | | | | | 2022 | *| * * * | * _________)/\\_//(\/(/\)/\//\/|_)_______ Goodbye doomcircle the Wizard... You died in The Gnomish Mines on dungeon level 4 with 325 points, and 38 pieces of gold, after 486 moves. You were level 2 with a maximum of 15 hit points when you died.